 Dungeon Crawl Stone Soup version 0.29.1-13-g9f3cf754e1 (webtiles) character file.

Game seed: 3136679540701619840

2 Thatpatchoflichen the Digger (level 1, -1/17 HPs)
             Began as a Gnoll Wanderer on Jan 20, 2023.
             Was a Follower of Sif Muna.
             Slain by an adder (3 damage)
             ... on level 1 of the Dungeon.
             The game lasted 00:00:54 (97 turns).

Thatpatchoflichen the Digger (Gnoll Wanderer)         Turns: 97, Time: 00:00:55

Health: -1/17      AC:  2    Str:  7    XL:     1   Next: 30%
Magic:  4/4        EV: 10    Int: 16    God:    Sif Muna [*.....]
Gold:   0          SH:  4    Dex: 10    Spells: 5/5 levels left

rFire   . . .      SeeInvis .   a - +0 dagger
rCold   . . .      Faith    .   d - +0 buckler
rNeg    . . .      Spirit   .   c - +0 robe
rPois   .          Reflect  .   (no helmet)
rElec   .          Harm     .   (no cloak)
rCorr   .          Rampage  .   (no gloves)
Will    .....                   (no boots)
Stlth   ++........              (no amulet)
HPRegen 0.05/turn               (no ring)
MPRegen 0.09/turn               (no ring)

@: lethally poisoned (-1 -> -2)
A: fangs 1, strong nose, distributed training
a: Renounce Religion, Channel Magic


You were on level 1 of the Dungeon.
You worshipped Sif Muna.
Sif Muna was aware of your devotion.
You visited 1 branch of the dungeon, and saw 2 of its levels.

Inventory:

Hand Weapons
 a - a +0 dagger (weapon)
Armour
 c - a +0 robe (worn)
 d - a +0 buckler (worn)
Scrolls
 b - a scroll of teleportation
 e - a scroll of poison {unknown}


   Skills:
 + Level 2.3 Fighting
 + Level 0.0 Short Blades
 + Level 0.0 Long Blades
 + Level 0.0 Axes
 + Level 0.0 Maces & Flails
 + Level 0.0 Polearms
 + Level 0.0 Staves
 + Level 0.0 Ranged Weapons
 + Level 0.0 Throwing
 + Level 2.3 Armour
 + Level 0.0 Dodging
 + Level 2.1 Stealth
 + Level 2.3 Shields
 + Level 0.0 Unarmed Combat
 + Level 2.6 Spellcasting
 + Level 0.0 Conjurations
 + Level 0.0 Hexes
 + Level 0.0 Summonings
 + Level 3.6 Necromancy
 + Level 0.0 Translocations
 + Level 0.0 Transmutations
 + Level 0.0 Fire Magic
 + Level 0.0 Ice Magic
 + Level 0.0 Air Magic
 + Level 3.6 Earth Magic
 + Level 0.0 Poison Magic
 + Level 0.1 Invocations
 + Level 2.3 Evocations


You had 5 spell levels left.
You didn't know any spells.
Your spell library contained the following spells:

 Spells                   Type           Power      Damage    Failure   Level
 Necrotise                Necr           52%        1d6       6%          1
 Sandblast                Erth           26%        2d8       6%          1
 Stone Arrow              Conj/Erth      16%        3d8       34%         3
 Animate Dead             Necr           13%        N/A       50%         4
 Anguish                  Hex/Necr       4%         N/A       75%         4


Dungeon Overview and Level Annotations

Branches:
Dungeon (2/15)

Altars:
Sif Muna


Innate Abilities, Weirdness & Mutations

You have very sharp teeth.
Your uncanny sense of smell can sniff out nearby items.
Your experience applies equally to all skills.


Message History

The adder hisses angrily.
Found three items.
Found an escape hatch in the ceiling.
Found a stone staircase leading down.
There is a stone staircase leading up here.
The bat hits you.
The ball python hisses angrily.
The endoplasm quivers.
The bat hits you but does no damage. You block the adder's attack.
The bat barely misses you. The adder bites you.
You are poisoned.
The adder poisons you!
There is an escape hatch in the ceiling here.
You feel sick. The bat hits you but does no damage.
The adder barely misses you. A mysterious force pulls you upwards.
The hatch slams shut behind you.
Found 12 gold pieces.
You closely miss the adder.
You feel sick. The adder bites you.
You are more poisoned.
The adder poisons you!
You hit the adder but do no damage. You bite the adder, but do no damage.
You feel sick. The adder closely misses you. x2
You miss the adder. You bite the adder, but do no damage.
* * * LOW HITPOINT WARNING * * *
You feel sick. The adder barely misses you.
You don't know any spells.
Unknown command.
You hit the adder.
The adder is lightly wounded.
* * * LOW HITPOINT WARNING * * *
You feel sick. The adder bites you but does no damage.
You hit the adder but do no damage.
The adder is lightly wounded.
* * * LOW HITPOINT WARNING * * *
You feel sick. The adder barely misses you. You block the adder's attack.
You hit the adder. Your bite misses the adder.
The adder is heavily wounded.
* * * LOW HITPOINT WARNING * * *
You feel sick. The adder bites you.
You die...

.# .# ......###.# .#
..........# .#
..........# .#
.......$..#
.########..........#
...................#
..#######..........###
..# #.....@S...# #.#
#..........# ..#
#..........#
.######+######+#######
.##.........#
.##.........#
.##..⌠...⌠..#
..#.........#
#.'....<....+


You could see an adder.

Vanquished Creatures
  A goblin (D:1)
  A spectral goblin (D:1)
2 creatures vanquished.

Notes
Turn   | Place    | Note
-------+----------+-------------------------------------------
     0 | D:1      | Thatpatchoflichen the Gnoll Wanderer began the quest for
                  | the Orb.
     0 | D:1      | Thatpatchoflichen set off with the following items: a +0
                  | dagger, a scroll of teleportation, a +0 robe, a +0 buckler;
                  | and the following spells available to memorise: Necrotise,
                  | Sandblast, Stone Arrow, Animate Dead, Anguish.
     0 | D:1      | Reached XP level 1. HP: 17/17 MP: 4/4
    23 | D:1      | Found a faded altar of an unknown god.
    37 | D:1      | Prayed at the altar of an unknown god.
    37 | D:1      | Became a worshipper of Sif Muna the Loreminder
    37 | D:1      | Reached * piety under Sif Muna
    97 | D:1      | Slain by an adder

Illustrated notes

Levels and vault maps discovered:
D:1:      mushboom_english_gardens, layout_basic,
          dreamdust_ecumenical_altar_drowned_temple, minmay_misc_feat_chi
D:2:      layout_rooms

Action                   || total
-------------------------++-------
Melee: Dagger            ||    12
       Bite              ||     2
Armor: Robe              ||     4
Dodge: Dodged            ||    11
Block: Buckler           ||     3
